 Dungeon Crawl Stone Soup version 0.30-a0-359-gd0147acb1a (webtiles) character file.

Game seed: 15411744856703023292

28634 ytrimaz the Severer (level 13, -1/114 HPs)
             Began as a Formicid Fighter on Nov 10, 2022.
             Was a High Priest of Okawaru.
             Slain by a cane toad (7 damage)
             ... on level 3 of the Lair of Beasts on Nov 11, 2022.
             The game lasted 00:18:08 (13524 turns).

ytrimaz the Severer (Formicid Fighter)             Turns: 13524, Time: 00:18:09

Health: -1/114     AC: 24    Str: 25    XL:     13   Next: 74%
Magic:  22/22      EV:  7    Int:  9    God:    Okawaru [*****.]
Gold:   1024       SH:  6    Dex: 13    Spells: 12/12 levels left

rFire   . . .      SeeInvis +    G - +2 scimitar (flame)
rCold   . . .      Faith    .    Q - +1 buckler of Dogg {+Inv Regen+ MP+9}
rNeg    . . .      Spirit   .    i - +0 plate armour
rPois   +          Reflect  .    (helmet unavailable)
rElec   .          Harm     .    v - +1 cloak
rCorr   .          Rampage  .    l - +0 pair of gloves
Will    +....                    (no boots)
Stlth   ..........               e - amulet of regeneration
HPRegen 1.99/turn                K - +4 ring of protection
MPRegen 0.18/turn                L - ring of poison resistance

@: no status effects
A: permanent stasis, dig shafts and tunnels, antennae 3, four strong arms
a: Dig, Shaft Self, Renounce Religion, Evoke Invisibility, Heroism, Finesse,
Duel


You were on level 3 of the Lair of Beasts.
You worshipped Okawaru.
Okawaru was extremely pleased with you.
You visited 3 branches of the dungeon, and saw 17 of its levels.

You collected 1024 gold pieces.


Innate Abilities, Weirdness & Mutations

You cannot be hasted, slowed, berserked, paralysed or teleported.
You can dig through walls and to a lower floor.
You have a pair of large antennae on your head. (SInv)
Your four strong arms can wield two-handed weapons with a shield.


   Skills:
 + Level 14.4 Fighting
 - Level 16.1 Axes
 + Level 14.4 Armour
 - Level 4.0 Shields


You had 12 spell levels left.
You didn't know any spells.
Your spell library contained the following spells:

 Spells                   Type           Power      Damage    Failure   Level
 Sandblast                Erth           0%         2d4       98%         1
 Slow                     Hex            0%         N/A       98%         1
 Cigotuvi's Dreadful Rot  Necr/Pois/Air  0%         N/A       99%         2
 Ensorcelled Hibernation  Hex/Ice        0%         N/A       99%         2
 Passwall                 Tmut/Erth      0%         N/A       99%         2
 Poisonous Vapours        Pois/Air       0%         N/A       99%         2
 Confusing Touch          Hex            0%         N/A       100%        3
 Frozen Ramparts          Ice            0%         1d1       100%        3
 Inner Flame              Hex/Fire       0%         N/A       100%        3
 Mephitic Cloud           Conj/Pois/Air  0%         N/A       100%        3
 Spider Form              Tmut/Pois      0%         N/A       100%        3
 Stone Arrow              Conj/Erth      0%         3d7       100%        3
 Vampiric Draining        Necr           0%         2d6       100%        3
 Anguish                  Hex/Necr       0%         N/A       100%        4
 Flame Wave               Conj/Fire      0%         2d4       100%        4
 Ice Form                 Ice/Tmut       0%         N/A       100%        4
 Olgreb's Toxic Radiance  Pois           0%         N/A       100%        4
 Passage of Golubria      Tloc           0%         N/A       100%        4
 Sticky Flame             Conj/Fire      0%         2d3       100%        4
 Borgnjor's Vile Clutch   Necr/Erth      0%         N/A       100%        5
 Yara's Violent Unravell  Hex/Tmut       0%         3d3       100%        5
 Ozocubu's Refrigeration  Ice            0%         4d7       100%        7
 Ignition                 Fire           0%         3d3       100%        8
 Chain Lightning          Conj/Air       0%         N/A       100%        9
 Fire Storm               Conj/Fire      0%         5d1       100%        9
 Shatter                  Erth           0%         3d5*      100%        9
 Tukima's Dance           Hex            Unusable   N/A       N/A         3
 Animate Dead             Necr           Unusable   N/A       N/A         4
 Summon Ice Beast         Ice/Summ       Unusable   N/A       N/A         4
 Death Channel            Necr           Unusable   N/A       N/A         6

Inventory:

Hand Weapons
 a - a +0 war axe
 n - a +3 battleaxe
   (You took it off a wight on level 6 of the Dungeon)
 G - a +2 scimitar of flaming (weapon)
   (You took it off Erica on level 9 of the Dungeon)
 M - a +6 hand axe
   (You took it off a wight on level 10 of the Dungeon)
Missiles
 m - 18 poisoned darts
 u - 6 boomerangs
 w - 3 throwing nets
Armour
 b - a +0 scale mail
 i - a +0 plate armour (worn)
   (You found it on level 1 of the Dungeon)
 l - a +0 pair of gloves (worn)
   (You found it on level 4 of the Dungeon)
 v - a +1 cloak (worn)
   (You found it on level 7 of the Dungeon)
 P - the +1 buckler of Ublyigepsol {rCorr Slay+3 Stlth-}
   (Okawaru gifted it to you on level 11 of the Dungeon)

   Slay:      It affects your accuracy & damage with ranged weapons and melee
   (+3).
   rCorr:     It protects you from acid and corrosion.
   Stlth:     It makes you less stealthy.
 Q - the +1 buckler of Dogg (worn) {+Inv Regen+ MP+9}
   (Okawaru gifted it to you on level 3 of the Lair of Beasts)

   MP:        It affects your magic capacity (+9).
   +Inv:      It lets you turn invisible.
   Regen:     It increases your rate of health regeneration.
Jewellery
 c - a ring of ice
   (You took it off Fannar on level 3 of the Lair of Beasts)
 e - an amulet of regeneration (around neck)
   (You found it on level 1 of the Dungeon)
 k - a ring of protection from fire
   (You found it on level 4 of the Dungeon)
 p - a +4 ring of evasion
   (You found it on level 2 of the Dungeon)
 q - an amulet of guardian spirit
   (You found it on level 2 of the Dungeon)
 r - a +6 ring of dexterity
   (You found it on level 2 of the Dungeon)
 t - an amulet of faith
   (You found it on level 8 of the Dungeon)
 y - a ring of magical power
   (You found it on level 7 of the Dungeon)
 z - a +6 ring of strength
   (You found it on level 4 of the Dungeon)
 J - the ring "Gaovah" {rC+ Int+4 Dex+6}
   (You found it on level 9 of the Dungeon)

   [ring of dexterity]

   Int:       It affects your intelligence (+4).
   Dex:       It affects your dexterity (+6).
   rC:        It protects you from cold.
 K - a +4 ring of protection (left hand)
   (You found it on level 11 of the Dungeon)
 L - a ring of poison resistance (right hand)
   (You found it on level 10 of the Dungeon)
Wands
 j - a wand of flame (14)
   (You took it off Dowan on level 5 of the Dungeon)
 D - a wand of mindburst (14) (quivered)
   (You found it on level 5 of the Dungeon)
Scrolls
 A - 2 scrolls of vulnerability
 B - 3 scrolls of identify
 F - a scroll of amnesia
 I - 4 scrolls of enchant weapon
 N - a scroll of enchant armour
 O - 3 scrolls of poison
Potions
 d - 2 potions of mutation
 f - 2 potions of attraction
 g - a potion of flight
 h - 15 potions of curing
 o - 2 potions of resistance
 s - 3 potions of magic
 C - 3 potions of might
 E - 3 potions of cancellation
 H - a potion of ambrosia

Dungeon Overview and Level Annotations

Branches:
Dungeon (12/15) Zot: 26133  Temple (1/1) D:7 Zot: 5952    Lair (4/5) D:9 Zot: 20996
 Shoals (0/4) Lair:2        Snake (0/4) Lair:2          Orc (0/2) D:11
  Slime: Lair:4-5

Altars:
Ashenzari
Cheibriados
Dithmenos
Elyvilon
Fedhas
Gozag
Hepliaklqana
Kikubaaqudgha
Makhleb
Nemelex Xobeh
Okawaru
Qazlal
Ru
Sif Muna
Trog
Uskayaw
Vehumet
Wu Jian
Xom
Yredelemnul
Zin
The Shining One
Lugonu

Shops:
D:9 *

Annotations:
D:7 exclusion: ice statue
D:9 3 runed translucent doors, FizzleBag's ghost, novice MiFi

..........P## #P.......≈§≈≈#
............# ##.......≈≈§≈≈
...###.##...# #........≈§≈§§ ...#
###P...# ##.........§§§
..######....### ####......§§.
..###.###...#.### ###.........
................######.#..#......
..........................#......
......##.......F@................
P#.#.###.........................
.#.##........##..####............
...##.....######## ####.P#......
#..##.....# ####......
##........# #...... ..........#
#...... ....(.....# ##......
..........## ##### #.......


You could see a cane toad.


Message History

The six-headed hydra bites you.
The six-headed hydra bites you but does no damage. x2
You block the six-headed hydra's attack. 😮 HP[-13]
You take 13 damage, and now have 82/114 hp.
You hit the six-headed hydra but do no damage.
You feel very sick.
The cane toad stings you but does no damage.
The six-headed hydra bites you.
The six-headed hydra bites you but does no damage. x4
You block the six-headed hydra's attack.
The cane toad closely misses you. 😮 HP[-9]
You take 9 damage, and now have 73/114 hp.
Unknown command.
You chop one of the six-headed hydra's heads off!
The flame cauterises the wound!
You hit the five-headed hydra. You burn the five-headed hydra.
You feel very sick. The five-headed hydra bites you!
The five-headed hydra bites you.
The five-headed hydra bites you but does no damage. x2
The five-headed hydra bites you.
* * * LOW HITPOINT WARNING * * *
The cane toad stings you.
* * * LOW HITPOINT WARNING * * *
The five-headed hydra bites you but does no damage. x2
You block the five-headed hydra's attack.
The five-headed hydra bites you but does no damage. x2
The cane toad stings you.
* * * LOW HITPOINT WARNING * * *
😨 HP[-23]
You take 23 damage, and now have 50/114 hp.
MASSIVE DAMAGE!! (PAUSE)
You barely miss the five-headed hydra.
You feel very sick. The cane toad stings you!
* * * LOW HITPOINT WARNING * * *
You block the five-headed hydra's attack.
The five-headed hydra barely misses you.
You block the five-headed hydra's attack.
The five-headed hydra bites you but does no damage. x2 😨 HP[-10]
You take 10 damage, and now have 40/114 hp.
Unknown command.
You lop one of the five-headed hydra's heads off!
The flame cauterises the wound!
You slash the four-headed hydra! You burn the four-headed hydra.
You feel sick. The cane toad barely misses you.
The four-headed hydra bites you but does no damage.
The four-headed hydra closely misses you.
The four-headed hydra bites you but does no damage.
The four-headed hydra barely misses you.
The cane toad stings you but does no damage.
The four-headed hydra bites you but does no damage.
The four-headed hydra bites you.
* * * LOW HITPOINT WARNING * * *
The four-headed hydra bites you!
* * * LOW HITPOINT WARNING * * *
The four-headed hydra bites you but does no damage. 😨 HP[-10]
You take 10 damage, and now have 30/114 hp.
Unknown command.
You slice one of the four-headed hydra's heads off!
The flame cauterises the wound!
You hit the three-headed hydra. You burn the three-headed hydra.
You feel sick. The cane toad stings you!
* * * LOW HITPOINT WARNING * * *
The three-headed hydra bites you but does no damage.
You block the three-headed hydra's attack.
The three-headed hydra bites you but does no damage.
The cane toad stings you.
* * * LOW HITPOINT WARNING * * *
😱 HP[-18]
You take 18 damage, and now have 12/114 hp.
Unknown command.
Unknown command.
Okay, then.
As you read the scroll of fear, it crumbles to dust.
You assume a fearsome visage.
The cane toad resists with some effort.
The three-headed hydra looks frightened!
You feel sick.
The cane toad stings you but does no damage. 😱 HP[+1] Unknown command.
Unknown command.
You feel sick. The cane toad stings you!
* * * LOW HITPOINT WARNING * * *
You climb upwards.
You feel sick.
You are no longer poisoned.
There is a stone staircase leading down here. 😱 HP[-5]
You take 5 damage, and now have 8/114 hp.
Unknown command.
You feel better. The cane toad stings you!
* * * LOW HITPOINT WARNING * * *
😱 HP[-4]
You take 4 damage, and now have 4/114 hp.
As you read the scroll of fear, it crumbles to dust.
You assume a fearsome visage.
The cane toad resists with some effort.
The cane toad stings you but does no damage.
The cane toad stings you!
You die...

Skill      XL: |  1  2  3  4  5  6  7  8  9 10 11 12 13 |
---------------+----------------------------------------+-----
Axes           | 3 4 6 8 11 15 16 | 16.1
Fighting       | 7 10 12 14 | 14.4
Armour         | 7 10 12 14 | 14.4
Shields        | |  4.0

Action                   |  1- 3 |  4- 6 |  7- 9 | 10-12 | 13-15 || total
-------------------------+-------+-------+-------+-------+-------++-------
Melee: War axe           |    73 |    83 |   268 |   647 |    59 ||  1130
       Battleaxe         |       |       |       |       |   117 ||   117
       Scimitar          |       |       |       |       |    19 ||    19
Throw: Boomerang         |       |       |     5 |       |       ||     5
Invok: Heroism           |       |       |       |     5 |     3 ||     8
       Finesse           |       |       |       |     1 |       ||     1
Evoke: Wand              |       |       |     6 |     9 |       ||    15
  Use: Potion            |       |     2 |     5 |     6 |     1 ||    14
       Scroll            |       |     8 |    11 |     6 |     4 ||    29
 Stab: Invisible         |       |       |       |     5 |       ||     5
Armor: Scale mail        |    22 |       |       |       |       ||    22
       Plate armour      |    26 |    48 |   117 |   319 |   180 ||   690
       Skin              |       |       |     1 |       |       ||     1
Dodge: Dodged            |    36 |    57 |   149 |   206 |    85 ||   533
Block: Buckler           |    25 |    27 |    56 |   150 |    60 ||   318

Levels and vault maps discovered:
D:1:      zelgadis_glass_arrival_small, layout_rooms,
          shapermc_ecumenical_altar_gd
D:2:      layout_basic, uniq_sigmund
D:3:      layout_rooms, nicolae_elyvilon_peaceful_grove, marbit_many_paths
D:4:      layout_cave_pods, nicolae_ru_the_path_less_chosen, tgw_sif,
          portal_sewer_entry_e, nrook_campfire, nicolae_eternal_life,
          kennysheep_nub, minmay_starry_boxes
D:5:      layout_loops_ring, nzn_wu_jian_contemplation, serial_undead,
          serial_undead_e, serial_undead_c, serial_undead_e, serial_undead_d,
          serial_undead_e, serial_undead_d, serial_undead_b, serial_undead_a,
          minmay_strange_pillars, roderic_serpentine_path, sigmund_army,
          uniq_duvessa
D:6:      layout_rooms, kiku_gazebo_pond_becter, uniq_prince_ribbit1,
          uniq_blork_the_orc, uniq_pikel
D:7:      lemuel_ice_statue, layout_basic, fedhas_altar_fruit_tree,
          minmay_temple_entry_drinking_statues, serial_bayou,
          serial_bayou_lake_a, serial_bayou_ford_a, serial_bayou_pond_e,
          serial_bayou_shore_b
D:8:      layout_loops_corners, lemuel_crystal_altar, uniq_amaemon
D:9:      layout_basic, grunt_lair_entry_orc_guard_hut,
          ebering_ghost_rock_garden, nicolae_shop_clearance, uniq_erica
D:10:     layout_roguey, nicolae_hepliaklqana_hippocampus
D:11:     layout_stronghold, hiddenorc2_lemuel
D:12:     kennysheep_kobold_lugonu_temple, layout_gridville,
          minmay_checkered_concentric_circles
Temple:   hellmonk_temple_divided_pantheon
Lair:1:   layout_cave_pods, serial_bayou_shore_b, serial_bayou_shore_a,
          serial_bayou_shore_b, lemuel_fruit_fields
Lair:2:   layout_regular_city, shoals_dummy_entry,
          minmay_snake_entry_guardpost_medium
Lair:3:   layout_gridlike, uniq_fannar
Lair:4:   layout_regular_city, minmay_slime_entry_pillars, minivault_19,
          uniq_kirke

Notes
Turn   | Place    | Note
-------+----------+-------------------------------------------
     0 | D:1      | ytrimaz the Formicid Fighter began the quest for the Orb.
     0 | D:1      | Reached XP level 1. HP: 18/18 MP: 1/1
     0 | D:1      | magus.rc [v1.9.6]
     3 | D:1      | You pick up a book of Geomancy and begin reading...
     3 | D:1      | You add the spells Sandblast, Passwall and Stone Arrow to
                  | your library.
    28 | D:1      | Reached XP level 2. HP: 17/24 MP: 2/2
    99 | D:1      | Reached skill level 3 in Axes
   255 | D:1      | Reached XP level 3. HP: 29/29 MP: 3/3
   327 | D:1      | Found a faded altar of an unknown god.
   770 | D:2      | Reached skill level 4 in Axes
   770 | D:2      | Reached XP level 4. HP: 35/35 MP: 4/4
  1062 | D:2      | Noticed Sigmund
  1074 | D:2      | HP: 5/35 [Sigmund/+0 scythe (6)]
  1075 | D:2      | HP: 1/35 [Sigmund/+0 scythe (6)]
  1078 | D:2      | Killed Sigmund
  1079 | D:2      | Reached skill level 6 in Axes
  1079 | D:2      | Reached XP level 5. HP: 15/41 MP: 5/5
  1079 | D:2      | Reached XP level 6. HP: 17/47 MP: 6/6
  1307 | D:3      | You pick up a book of Flames and begin reading...
  1307 | D:3      | You add the spells Inner Flame, Sticky Flame and Flame Wave
                  | to your library.
  1389 | D:3      | You pick up a book of Vapours and begin reading...
  1389 | D:3      | You add the spells Poisonous Vapours, Cigotuvi's Dreadful
                  | Rot and Mephitic Cloud to your library.
  1608 | D:3      | Found a sparkling altar of Nemelex Xobeh.
  1648 | D:3      | Found a white marble altar of Elyvilon.
  1911 | D:4      | Reached XP level 7. HP: 52/52 MP: 7/7
  1913 | D:4      | Reached skill level 7 in Axes
  2149 | D:4      | You pick up a book of Dreams and begin reading...
  2149 | D:4      | You add the spells Ensorcelled Hibernation, Spider Form and
                  | Anguish to your library.
  2164 | D:4      | You pick up a book of Annihilations and begin reading...
  2164 | D:4      | You add the spells Chain Lightning, Fire Storm and Shatter
                  | to your library.
  2297 | D:4      | Found a shimmering blue altar of Sif Muna.
  2394 | D:4      | Found a glowing drain.
  2458 | D:4      | Found a sacrificial altar of Ru.
  2926 | D:5      | Entered Level 5 of the Dungeon
  3069 | D:5      | Noticed Dowan
  3069 | D:5      | Noticed Duvessa
  3081 | D:5      | Killed Dowan
  3082 | D:5      | Killed Duvessa
  3083 | D:5      | Reached skill level 8 in Axes
  3271 | D:5      | Reached XP level 8. HP: 58/58 MP: 8/8
  3487 | D:5      | Found an ornate altar of the Wu Jian Council.
  3580 | D:5      | Reached skill level 9 in Axes
  3582 | D:5      | Identified a scroll of acquirement
  3584 | D:5      | Acquired a manual of Axes
  3720 | D:5      | Reached skill level 10 in Axes
  4017 | D:6      | Noticed Prince Ribbit
  4036 | D:6      | Killed Prince Ribbit
  4037 | D:6      | Reached skill level 11 in Axes
  4072 | D:6      | Noticed Blork the orc
  4072 | D:6      | Noticed Pikel
  4089 | D:6      | Reached XP level 9. HP: 47/64 MP: 9/9
  4091 | D:6      | Killed Blork the orc
  4092 | D:6      | Reached skill level 12 in Axes
  4111 | D:6      | Killed Pikel
  4112 | D:6      | Reached skill level 13 in Axes
  4190 | D:6      | Reached skill level 14 in Axes
  4247 | D:6      | Found an ancient bone altar of Kikubaaqudgha.
  4702 | D:7      | Reached skill level 15 in Axes
  4776 | D:7      | Found a staircase to the Ecumenical Temple.
  4803 | Temple   | Entered the Ecumenical Temple
  4803 | Temple   | Found a transporter.
  4803 | Temple   | Found a transporter.
  4816 | Temple   | Found a transporter.
  4816 | Temple   | Found a transporter.
  4951 | D:7      | You pick up a book of Debilitation and begin reading...
  4951 | D:7      | You add the spells Slow, Vampiric Draining and Confusing
                  | Touch to your library.
  4980 | D:7      | Reached XP level 10. HP: 54/70 MP: 10/10
  5096 | D:7      | Reached skill level 16 in Axes
  5104 | D:7      | Reached skill level 4 in Fighting
  5104 | D:7      | Reached skill level 4 in Armour
  5468 | D:7      | Noticed an ice statue
  5507 | D:7      | Found a blossoming altar of Fedhas.
  6108 | D:8      | Reached skill level 5 in Fighting
  6108 | D:8      | Reached skill level 5 in Armour
  6336 | D:8      | Reached skill level 6 in Fighting
  6336 | D:8      | Reached skill level 6 in Armour
  6435 | D:8      | Found an iron altar of Okawaru.
  6452 | D:8      | Became a worshipper of Warmaster Okawaru
  6783 | D:8      | You add the spells Olgreb's Toxic Radiance, Ozocubu's
                  | Refrigeration and Ignition to your library.
  6784 | D:8      | Noticed an orange demon
  6785 | D:8      | Noticed Amaemon
  6799 | D:8      | Killed Amaemon
  6799 | D:8      | Reached * piety under Okawaru
  6805 | D:8      | Killed an orange demon
  6806 | D:8      | Reached skill level 7 in Fighting
  6806 | D:8      | Reached skill level 7 in Armour
  6918 | D:9      | Identified the +4 mace of Expedience {venom, rC+ Stlth+}
  6929 | D:9      | Noticed Erica
  6937 | D:9      | Reached XP level 11. HP: 58/84 MP: 11/11
  6957 | D:9      | Reached ** piety under Okawaru
  6959 | D:9      | Reached skill level 8 in Fighting
  6959 | D:9      | Reached skill level 8 in Armour
  6963 | D:9      | Killed Erica
  7014 | D:9      | Reached skill level 9 in Fighting
  7014 | D:9      | Reached skill level 9 in Armour
  7020 | D:9      | Found a staircase to the Lair.
  7134 | D:9      | Reached *** piety under Okawaru
  7214 | D:9      | Found a runed translucent gate.
  7214 | D:9      | Found a runed translucent gate.
  7214 | D:9      | Found a runed translucent gate.
  7215 | D:9      | Noticed FizzleBag's ghost (novice MiFi)
  7221 | D:9      | Identified the ring "Gaovah" {rC+ Int+4 Dex+6}
  7268 | D:9      | Found Neaclyox's CLEARANCE SALE!.
  7650 | D:9      | Noticed a boulder beetle
  7668 | D:9      | Killed a boulder beetle
  7772 | D:10     | Entered Level 10 of the Dungeon
  7835 | D:10     | Reached **** piety under Okawaru
  7936 | D:10     | Reached skill level 10 in Fighting
  7936 | D:10     | Reached skill level 10 in Armour
  8096 | D:10     | Found a hazy altar of Hepliaklqana.
  8169 | D:10     | You pick up a book of Rime and begin reading...
  8169 | D:10     | You add the spells Frozen Ramparts and Ice Form to your
                  | library.
  8544 | D:10     | Upgraded the game from 0.30-a0-358-g0d69a1922f to
                  | 0.30-a0-359-gd0147acb1a
  8544 | D:10     | magus.rc [v1.9.6]
  8652 | D:11     | Noticed a manticore
  8661 | D:11     | Killed a manticore
  8662 | D:11     | Reached XP level 12. HP: 57/98 MP: 9/12
  8792 | D:11     | Found a staircase to the Orcish Mines.
  9466 | D:11     | Reached skill level 11 in Fighting
  9466 | D:11     | Reached skill level 11 in Armour
  9625 | D:12     | Noticed a two-headed ogre
  9641 | D:12     | Killed a two-headed ogre
  9771 | D:12     | Reached ***** piety under Okawaru
  9799 | D:12     | Found a corrupted altar of Lugonu.
  9868 | D:12     | Reached skill level 12 in Fighting
  9868 | D:12     | Reached skill level 12 in Armour
  9939 | D:12     | You add the spells Passage of Golubria and Yara's Violent
                  | Unravelling to your library.
 10002 | D:12     | Noticed an ettin
 10033 | D:12     | Noticed an ettin
 10033 | D:12     | Noticed a tengu reaver
 10033 | D:12     | Noticed a tengu reaver
 10068 | D:11     | Identified the +1 buckler of Ublyigepsol {rCorr Slay+3
                  | Stlth-} (Okawaru gifted it to you on level 11 of the
                  | Dungeon)
 10068 | D:11     | Received a gift from Okawaru
 10277 | Lair:1   | Entered Level 1 of the Lair of Beasts
 10413 | Lair:1   | HP: 25/102 [blink frog (5)]
 10878 | Lair:1   | Noticed a seven-headed hydra
 10903 | Lair:1   | Killed a seven-headed hydra
 10904 | Lair:1   | Reached XP level 13. HP: 109/109 MP: 13/13
 11528 | Lair:2   | Reached skill level 13 in Fighting
 11528 | Lair:2   | Reached skill level 13 in Armour
 11577 | Lair:2   | Noticed a seven-headed hydra
 11639 | Lair:2   | Found a staircase to the Shoals.
 11765 | Lair:2   | Killed a four-headed hydra
 11832 | Lair:2   | You fall into a shaft and drop 1 floor!
 12000 | Lair:2   | Found a staircase to the Snake Pit.
 12273 | Lair:2   | You pick up a book of Unlife and begin reading...
 12480 | Lair:2   | Reached skill level 14 in Fighting
 12688 | Lair:3   | Reached skill level 14 in Armour
 13063 | Lair:3   | Noticed Fannar
 13077 | Lair:3   | Killed Fannar
 13077 | Lair:3   | Identified the +1 buckler of Dogg {+Inv Regen+ MP+9}
                  | (Okawaru gifted it to you on level 3 of the Lair of Beasts)
 13077 | Lair:3   | Received a gift from Okawaru
 13342 | Lair:3   | Noticed a five-headed hydra
 13353 | Lair:3   | Killed a one-headed hydra
 13508 | Lair:4   | Noticed an eight-headed hydra
 13519 | Lair:4   | HP: 15/114 [cane toad (17)]
 13521 | Lair:4   | HP: 7/114 [cane toad (7)]
 13524 | Lair:3   | Slain by a cane toad

Vanquished Creatures
  Fannar (Lair:3)
  3 hydras
  A two-headed ogre (D:12)
  A boulder beetle (D:9)
  Erica (D:9)
  Amaemon (D:8)
  Pikel (D:6)
  A cyclops (D:11)
  2 ugly things (D:12)
  2 manticores (D:11)
  5 cane toads
  An orange demon (D:8)
  An unseen horror (D:12)
  3 rime drakes
  4 kobold demonologists
  4 komodo dragons
  A meliai (D:11)
  2 polar bears
  3 trolls
  A hornet (D:7)
  3 slime creatures (D:12)
  15 blink frogs
  Prince Ribbit (D:6)
  Sigmund (D:2)
  4 wyverns
  3 vampires
  A wraith (D:12)
  22 yaks
  A basilisk (Lair:2)
  3 fire bats (Lair:3)
  A fire elemental (Lair:3)
  A steam dragon (D:8)
  7 vampire mosquitoes (D:12)
  Duvessa (D:5)
  6 nagas (Lair:2)
  6 water moccasins
  A sky beast (D:6)
  An ice beast (D:7)
  4 orc warriors
  An ogre (D:7)
  4 lemures (D:6)
  3 centaurs
  A phantom (D:5)
  Blork the orc (D:6)
  2 gnoll sergeants
  10 bullfrogs
  2 necrophages
  2 scorpions
  A wyvern skeleton (D:5)
  7 wights
  Dowan (D:5)
  5 killer bees (D:9)
  2 howler monkeys (D:9)
  5 electric eels (D:7)
  A bullfrog skeleton (D:5)
  2 hounds
  2 jellies
  A gnoll bouda (D:6)
  10 orc priests
  A centaur skeleton (D:5)
  5 iguanas
  9 orc wizards
  A scorpion zombie (D:5)
  A killer bee zombie (D:5)
  A hound zombie (D:5)
  A hound skeleton (D:5)
  2 howler monkey zombies (D:5)
  A howler monkey skeleton (D:5)
  19 gnolls
  7 adders
  A river rat (D:4)
  2 white imps
  3 ufetubi
  A worm (D:4)
  46 orcs
  6 ball pythons
  6 bats
  An endoplasm (D:1)
  8 giant cockroaches
  8 goblins
  11 hobgoblins
  6 jackals
  5 kobolds
  2 quokkas
  3 frilled lizards
  9 rats
350 creatures vanquished.

Vanquished Creatures (others)
  6 demonic plants
  6 fungi
  28 plants
  5 withered plants
45 creatures vanquished.

Grand Total: 395 creatures vanquished

Table legend:
 A = Non-vault XP
 B = Vault XP
 C = Vault XP percentage of total XP
 D = Non-vault monster count
 E = Vault monster count
 F = Vault count percentage of total count
                 A         B        C        D         E       F
            +---------+---------+-------+---------+---------+-------
      Total |   32580 |    8326 |  20.4 |     262 |      84 |  24.3
            +---------+---------+-------+---------+---------+-------
        D:1 |      42 |       0 |   0.0 |      24 |       0 |   0.0
        D:2 |      59 |     223 |  79.1 |      21 |       1 |   4.5
        D:3 |      21 |       1 |   4.5 |       5 |       1 |  16.7
        D:4 |     299 |      74 |  19.8 |      19 |      13 |  40.6
        D:5 |     160 |     603 |  79.0 |       5 |      15 |  75.0
        D:6 |     821 |     937 |  53.3 |      17 |       3 |  15.0
        D:7 |    1258 |       0 |   0.0 |      25 |       0 |   0.0
        D:8 |    1811 |    1143 |  38.7 |      20 |       2 |   9.1
        D:9 |    3170 |    1680 |  34.6 |      27 |       6 |  18.2
       D:10 |    2108 |       0 |   0.0 |      14 |       0 |   0.0
       D:11 |    2791 |     706 |  20.2 |      13 |      33 |  71.7
       D:12 |    4814 |    1124 |  18.9 |      16 |       3 |  15.8
     Lair:1 |    4561 |       0 |   0.0 |      16 |       0 |   0.0
     Lair:2 |    5111 |     970 |  16.0 |      20 |       6 |  23.1
     Lair:3 |    5554 |     865 |  13.5 |      20 |       1 |   4.8
            +---------+---------+-------+---------+---------+-------

Illustrated notes

Table legend:
 A = Kills in this place as a percentage of kills in entire the game.
 B = Kills by you in this place as a percentage of kills by you in the entire game.
 C = Kills by friends in this place as a percentage of kills by friends in the entire game.
 D = Other kills in this place as a percentage of other kills in the entire game.
 E = Experience gained in this place as a percentage of experience gained in the entire game.
 F = Experience gained in this place divided by the number of levels of this place that you have seen.
                   A       B       C       D       E      F
               +-------+-------+-------+-------+-------+----------------------
         Total | 100.0 | 100.0 |   N/A |   N/A | 100.0 | 2406.2
       Dungeon |  81.8 |  81.8 |   N/A |   N/A |  58.3 | 1987.1
          Lair |  18.2 |  18.2 |   N/A |   N/A |  41.7 | 4265.2
               +-------+-------+-------+-------+-------+----------------------

Table legend: (Time is in decaauts)
 A = Elapsed time spent in this place.
 B = Non-inter-level travel time spent in this place.
 C = Inter-level travel time spent in this place.
 D = Time resting spent in this place.
 E = Time spent auto-exploring this place.
 F = Levels seen in this place.
 G = Mean time per level.
                   A        B        C        D        E       F      G
               +--------+--------+--------+--------+--------+-----+--------+
         Total |  13440 |  12895 |    545 |    504 |   9779 |  17 |  790.6 |
       Dungeon |  10390 |   9926 |    464 |    450 |   7452 |  12 |  865.8 |
        Temple |     47 |     39 |      8 |      0 |     18 |   1 |   47.0 |
          Lair |   3002 |   2930 |     72 |     54 |   2309 |   4 |  750.5 |
               +--------+--------+--------+--------+--------+-----+--------+

Top non-repeatable levels by time:
     D:7: 1199 daAuts
    D:11: 1178 daAuts
     D:4: 1151 daAuts
     D:5: 1099 daAuts
  Lair:1: 1075 daAuts
  Lair:2: 1006 daAuts
     D:9: 995 daAuts
     D:8: 991 daAuts
  Lair:3: 903 daAuts
    D:10: 887 daAuts
     D:2: 676 daAuts
     D:1: 626 daAuts
     D:6: 623 daAuts
     D:3: 531 daAuts
    D:12: 429 daAuts
